 Dungeon Crawl Stone Soup version 0.25-a0-458-g6fc7858b95 (webtiles) character file.

Game seed: 6569095895813308333, levelgen mode: deterministic

118 Error4North the Skirmisher (level 5, 0/46 HPs)
             Began as a Hill Orc Fighter on Feb 2, 2020.
             Was an Initiate of Okawaru.
             Slain by an orc priest
             ... wielding a +0 dagger
              (2 damage)
             ... on level 3 of the Dungeon.
             The game lasted 00:06:20 (2145 turns).

Error4North the Skirmisher (Hill Orc Fighter)       Turns: 2145, Time: 00:06:20

Health: 0/46       AC:  7    Str: 25    XL:     5   Next: 2%
Magic:  5/5        EV:  7    Int:  8    God:    Okawaru [......]
Gold:   138        SH: 10    Dex: 10    Spells: 4/4 levels left

rFire    . . .     SeeInvis .   a - +0 war axe
rCold    . . .     Gourm    .   c - +0 shield
rNeg     . . .     Faith    .   b - +0 scale mail
rPois    .         Spirit   .   (no helmet)
rElec    .         Reflect  .   (no cloak)
rCorr    .         Harm     .   (no gloves)
MR       .....                  (no boots)
Stlth    ..........             (no amulet)
HPRegen  0.15/turn              (no ring)
MPRegen  0.09/turn              (no ring)

@: mighty
A: no striking features
a: Renounce Religion, Convert to Beogh


You were on level 3 of the Dungeon.
You worshipped Okawaru.
Okawaru was noncommittal.
You were not hungry.

You visited 1 branch of the dungeon, and saw 3 of its levels.

You collected 138 gold pieces.

Inventory:

Hand Weapons
 a - a +0 war axe (weapon)
 i - a +1 vorpal mace
Armour
 b - a +0 scale mail (worn)
 c - a +0 shield (worn)
Jewellery
 m - an uncursed ring of positive energy {unknown}
Scrolls
 e - a scroll of random uselessness {unknown}
 k - 6 scrolls of identify {unknown}
 l - 3 scrolls of enchant armour {unknown}
 n - a scroll of amnesia {unknown}
 p - a scroll of fear {unknown}
 s - a scroll of remove curse {unknown}
Potions
 g - a potion of agility {unknown}
 h - a potion of lignification {unknown}
 j - 2 potions of degeneration {unknown}
 o - 2 potions of mutation {unknown}
 q - a potion of cancellation {unknown}
Comestibles
 f - 7 rations
 r - 2 chunks of flesh


   Skills:
 + Level 4.3 Fighting
 + Level 4.3 Axes
 * Level 3.9 Armour
 + Level 0.3 Dodging
 + Level 0.1 Stealth
 * Level 4.2 Shields


You had 4 spell levels left.
You didn't know any spells.
Your spell library was empty.

Dungeon Overview and Level Annotations

Branches:
Dungeon (3/15)

Altars:
Okawaru
Qazlal


Message History

The orc priest hits you but does no damage.
The orc priest shouts, "Surrender to Beogh and we'll let you live!"
You hit the orc priest but do no damage.
The orc priest is lightly wounded.
You hit the orc. The orc hits you but does no damage.
The orc priest looks braver for a moment.
You barely miss the orc priest.
The orc priest is lightly wounded.
The orc priest shouts, "Beogh is our master!
Accept the truth or die!"
You hit the orc but do no damage. You block the orc's attack.
The orc priest mumbles some strange prayers to Beogh against you.
Pain shoots through your body!
The orc priest hits you but does no damage.
The orc hits you with a +2 falchion of holy wrath.
You feel very mighty all of a sudden.
The orc priest calls down the wrath of Beogh upon you.
Beogh smites you!
* * * LOW HITPOINT WARNING * * *
The orc priest hits you with a +0 dagger.
You die...

.# #.#### ##.##.###..# .# #.#
#######...#.###..# .# #.#
#............รท...# .#
#.###.# ###...######.# ##
##.#...######.## #.#
#....#........# #.#
#.....#......##.#.#######.###
#.###...#..#.#.# ...........
##.....#@o# #..........
#.##.##o#.# .######..## #)
#.##o##.# #..# #. #.##o# #.#
#..# .. .. ... ... ...# #.#
### ###.# #.# ... #.# ... ...


You could see 2 orc priests and 2 orcs.

Vanquished Creatures
  Robin (D:3)
  A gnoll (D:2)
  3 adders
  2 worms
  2 dart slugs
  A leopard gecko (D:1)
  2 orcs
  2 ball pythons
  A bat (D:1)
  A giant cockroach (D:2)
  12 goblins
  10 hobgoblins
  8 kobolds
  2 quokkas (D:2)
  2 frilled lizards
  3 rats
53 creatures vanquished.

Notes
Turn   | Place    | Note
-------+----------+-------------------------------------------
     0 | D:1      | Error4North the Hill Orc Fighter began the quest for the
                  | Orb.
     0 | D:1      | Reached XP level 1. HP: 19/19 MP: 1/1
    98 | D:1      | Reached XP level 2. HP: 23/27 MP: 2/2
   643 | D:2      | Reached XP level 3. HP: 28/33 MP: 3/3
   936 | D:2      | Found a stormy altar of Qazlal.
  1469 | D:2      | Found an iron altar of Okawaru.
  1479 | D:2      | Reached XP level 4. HP: 33/40 MP: 4/4
  1492 | D:2      | Became a worshipper of Warmaster Okawaru
  1531 | D:3      | Noticed Robin
  1546 | D:3      | Killed Robin
  1951 | D:3      | Reached XP level 5. HP: 34/46 MP: 5/5
  2145 | D:3      | HP: 2/46 [orc priest/divine providence (13)]
  2145 | D:3      | Slain by an orc priest

Levels and vault maps discovered:
D:1:      sevenhm_arrival_forest_fort_large_4, layout_rooms,
          chequers_serial_rivers_room_a
D:2:      layout_loops_cross, okawaru_altar_gauntlet_db, grunt_qazlal_sundering,
          first_ration
D:3:      layout_loops_ring, uniq_robin

Skill      XL: |  1  2  3  4 |
---------------+-------------+-----
Axes           | 3 4 |  4.3
Fighting       | 4 |  4.3
Shields        | 4 |  4.2
Armour         | |  3.9
Dodging        | |  0.3
Stealth        | |  0.1

Action                   |  1- 3 |  4- 6 || total
-------------------------+-------+-------++-------
Melee: War axe           |    92 |    69 ||   161
  Use: Potion            |       |     1 ||     1
  Eat: Chunk             |     2 |     2 ||     4
Armor: Scale mail        |    51 |    31 ||    82
Dodge: Dodged            |    32 |    12 ||    44
Block: Shield            |    71 |    40 ||   111

Table legend:
 A = Non-vault XP
 B = Vault XP
 C = Vault XP percentage of total XP
 D = Non-vault monster count
 E = Vault monster count
 F = Vault count percentage of total count
                 A         B        C        D         E       F
            +---------+---------+-------+---------+---------+-------
      Total |     109 |      60 |  35.5 |      36 |      17 |  32.1
            +---------+---------+-------+---------+---------+-------
        D:1 |      28 |       0 |   0.0 |      13 |       0 |   0.0
        D:2 |      43 |      25 |  36.8 |      16 |       6 |  27.3
        D:3 |      38 |      35 |  47.9 |       7 |      11 |  61.1
            +---------+---------+-------+---------+---------+-------
